 Dungeon Sprint DCSS version 0.32-a0-411-g744942f433 (webtiles) character file.

Game seed: 2363481853962832312

0 shadowstone the Changeling (level 3, -4/23 HPs)
             Began as an Octopode Shapeshifter on Feb 20, 2024.
             Slain by a scorpion (7 damage)
             ... in the Dungeon (Sprint VI: "Thunderdome").
             The game lasted 00:00:52 (36 turns).

shadowstone the Changeling (Octopode Shapeshifter)    Turns: 36, Time: 00:00:52

Health: -4/23      AC:  1    Str: 15    XL:     3   Next: 97%
Magic:  3/3        EV: 13    Int: 12    God:
Gold:   200        SH:  0    Dex: 11    Spells: 2/2 levels left

rFire   . .          .
                       - Unarmed
rCold   . . .        (no shield)
rNeg    . . .        (helmet currently unavailable)
rPois   .            (no amulet)
rElec   .            (no ring)
rCorr   .            (no ring)
SInv    .            (no ring)
Will    .....        (no ring)
Stlth   ++           (no ring)
HPRegen 0.23/turn    (no ring)
MPRegen 0.08/turn    (no ring)
                     (no ring)

%: no teleportation
@: beast-form
A: beast (slay +3), almost no armour, amphibious, 8 rings, camouflage 1,
gelatinous body 1, (nimble swimmer 1), tentacles
a: Begin Untransformation


You were in the Dungeon.
You were a hulking beast.
You visited 1 branch You collected 200 gold pieces.

Inventory:

Talismans
 b - a beast talisman (active)
 c - a flux talisman
Wands
 k - a wand of light (5)
 l - a wand of iceblast (5)
Scrolls
 i - 4 scrolls of blinking
 m - 3 scrolls of fog
Potions
 a - a potion of lignification
 d - a potion of curing
 e - 4 potions of heal wounds
 f - 4 potions of haste
 g - 2 potions of magic
 h - a potion of berserk rage
 j - 2 potions of resistance


   Skills:
 + Level 1.3 Fighting
 + Level 3.0 Dodging
 + Level 5.4 Unarmed Combat
 + Level 5.5 Shapeshifting


You had 2 spell levels left.
You didn't know any spells.
Your spell library was empty.

Dungeon Overview and Level Annotations

Branches:
Dungeon (1/1)

Altars:
Dithmenos
Fedhas
Gozag
Kikubaaqudgha
Okawaru
Ru
Sif Muna
Wu Jian
Xom
Yredelemnul

Shops:
D *[=???:(


Innate Abilities, Weirdness & Mutations

You are a hulking beast.
Your limbs bulge with bestial killing power. (Slay +3)
You cannot wear most types of armour.
You are amphibious.
You can wear up to eight rings at the same time.
Your skin changes colour to match your surroundings (Stealth+).
Your rubbery body absorbs attacks. (AC +1, EV +1)
((You are camouflaged when in or above water. (Stealth+)))
You have tentacles for arms and can constrict up to eight enemies at once.


Message History

The scorpion stings you.
You tentacle-slap the scorpion but do no damage.
Your grab misses the scorpion. The scorpion misses you.
You tentacle-slap the scorpion. You grab the scorpion.
The scorpion is moderately wounded.
You constrict the scorpion. The scorpion closely misses you.
You tentacle-slap the scorpion but do no damage.
The scorpion is moderately wounded.
You constrict the scorpion, but do no damage.
The scorpion stings you.
You tentacle-slap the scorpion. You squeeze the scorpion.
The scorpion is heavily wounded.
You constrict the scorpion, but do no damage.
The scorpion closely misses you.
A scorpion comes into view.
You tentacle-slap the scorpion.
The scorpion is severely wounded.
You constrict the scorpion. The scorpion barely misses you.
The scorpion stings you.
You tentacle-slap the scorpion.
You squeeze the scorpion, but do no damage.
The scorpion is almost dead.
You constrict the scorpion, but do no damage.
The scorpion misses you.
You tentacle-slap the scorpion.
You kill the scorpion!
The scorpion stings you.
* * * LOW HITPOINT WARNING * * *
Your Dodging skill increases to level 3!
Your Unarmed Combat skill gained 2 levels and is now at level 5!
Your Shapeshifting skill gained 2 levels and is now at level 5!
You have reached level 2!
You have reached level 3!
Your experience leads to an increase in your attributes!
Increase (S)trength, (I)ntelligence, or (D)exterity?
You feel stronger. x2
You tentacle-slap the scorpion. Your grab misses the scorpion.
The scorpion is lightly wounded.
The scorpion stings you!
You die...

##.....## ##∩.....∩#
#∩.......∩ #_........
#_......._ #_........
###.........###
#§.sh........⌠#
######.ß.........ß.#
##∩___......###......
###∩........ß.# .ß...
#.............###.....
#⌠..........###...#
#⌠..........# #.<.#
#⌠..........# #...#
##.............###...


You could see a scorpion.

Vanquished Creatures
  A scorpion (D)
1 creature vanquished.

Notes
Turn   | Place    | Note
-------+----------+-------------------------------------------
     0 | D        | shadowstone the Octopode Shapeshifter began the quest for
                  | the Orb.
     0 | D        | Reached XP level 1. HP: 13/13 MP: 1/1
     4 | D        | Found an ancient bone altar of Kikubaaqudgha.
     4 | D        | Found an opulent altar of Gozag.
     5 | D        | Found a shadowy altar of Dithmenos.
     5 | D        | Found a sacrificial altar of Ru.
     5 | D        | Round 1.
     6 | D        | Found a basalt altar of Yredelemnul.
     6 | D        | Found an ornate altar of the Wu Jian Council.
     7 | D        | Found Tyteg's Timeless Talismans.
     7 | D        | Found a shimmering blue altar of Sif Muna.
     7 | D        | Found a shimmering altar of Xom.
     7 | D        | Found Ubbekast's Identification Station.
     8 | D        | Found Geulezar's Jewellery.
     8 | D        | Found Ossun's Advanced Armour.
    21 | D        | Noticed a scorpion
    22 | D        | Found a blossoming altar of Fedhas.
    24 | D        | Found Popsoxiq's Magic Scroll Shop.
    26 | D        | Found Tulesena's Magic Scroll Shop.
    26 | D        | Found Veuk's Must-Have Magic.
    28 | D        | Found an iron altar of Okawaru.
    28 | D        | Found Feohaucu's Staff Store.
    33 | D        | Noticed a scorpion
    35 | D        | Killed a scorpion
    36 | D        | Reached skill level 5 in Unarmed Combat
    36 | D        | Reached skill level 5 in Shapeshifting
    36 | D        | Reached XP level 2. HP: 2/18 MP: 2/2
    36 | D        | Reached XP level 3. HP: 3/23 MP: 3/3
    36 | D        | Slain by a scorpion

Illustrated notes

Levels and vault maps discovered:
D:        arena_sprint

Skill      XL: |  1 |
---------------+----+-----
Dodging        | 3 |  3.0
Unarmed Combat | 5 |  5.4
Shapeshifting  | 5 |  5.5
Fighting       | |  1.3

Action                     || total
---------------------------++-------
  Melee: Unarmed           ||     8
         Tentacles         ||     2
         Constrict         ||     1
 Armour: Skin              ||     5
  Dodge: Dodged            ||     5

Table legend: (Time is in decaauts)
 A = Elapsed time spent in this place.
 B = Non-inter-level travel time spent in this place.
 C = Inter-level travel time spent in this place.
 D = Time resting spent in this place.
 E = Time spent auto-exploring this place.
 F = Levels seen in this place.
 G = Mean time per level.
                   A        B        C        D        E       F      G
               +--------+--------+--------+--------+--------+-----+--------+
         Total |     35 |     33 |      2 |      0 |      0 |   1 |   35.0 |
       Dungeon |     35 |     33 |      2 |      0 |      0 |   1 |   35.0 |
               +--------+--------+--------+--------+--------+-----+--------+

Top non-repeatable levels by time:
       D: 35 daAuts
